SNL (28 & UNDER)
MEMPHIS BLUES @ BEAUMONT ROUGHNECKS
09/01/2026
 
TOP OF THE 1ST
Memphis Blues batting - Pitching for New Hampshire Fisher Cats : RHP Gustavo Rodríguez
Pitching: RHP Gustavo Rodríguez
Batting: SHB Terry Dailey 0-0: Ball
1-0: Fly out, F5 (Popup, 6)
Batting: RHB Jaime Spiridon 0-0: Ball
1-0: TRIPLE (Line Drive, 9M)
Batting: RHB Dave Wookey 0-0: SINGLE (Line Drive, 6D)
Jaime Spiridon scores
Batting: RHB Scott Merritt 0-0: Ball
1-0: Called Strike
1-1: Foul Ball, location: 2F
1-2: Strikes out swinging
Dave Wookey steals 2nd base
Batter strikes out.
Batting: RHB Artie Green 0-0: Ball
1-0: Fly out, F8 (Flyball, 8LM)
Top of the 1st over - 1 run(s), 2 hit(s), 0 error(s), 1 left on base; Memphis 1 - New Hampshire 0
BOTTOM OF THE 1ST
New Hampshire Fisher Cats batting - Pitching for Memphis Blues : RHP Al Bernhardt
Pitching: RHP Al Bernhardt
Batting: RHB Franklin Lawrence 0-0: Ball
1-0: Foul Ball, location: 2F
1-1: Fly out, F4 (Popup, 3D)
Batting: RHB Michael Kent 0-0: SINGLE (Groundball, 34D)
Batting: RHB Anthony Hezell 0-0: Ball
1-0: Grounds into double play, 5-4-3 (Groundball, 5)
Bottom of the 1st over - 0 run(s), 1 hit(s), 0 error(s), 0 left on base; Memphis 1 - New Hampshire 0
TOP OF THE 2ND
Memphis Blues batting - Pitching for New Hampshire Fisher Cats : RHP Gustavo Rodríguez
Batting: RHB Ed Starr 0-0: Ball
1-0: Ball
2-0: Called Strike
2-1: Ball
3-1: Ground out 6-3 (Groundball, 6)
Batting: LHB John Foster 0-0: Called Strike
0-1: Called Strike
0-2: DOUBLE (Groundball, 3L)
Batting: SHB Fernando Gutiérrez 0-0: Ball
1-0: Ball
2-0: Foul Ball, location: 2F
2-1: Fly out, F8 (Line Drive, 8LM)
Batting: RHB Ángel Hernández 0-0: Called Strike
0-1: Called Strike
0-2: Ball
1-2: Strikes out swinging
Top of the 2nd over - 0 run(s), 1 hit(s), 0 error(s), 1 left on base; Memphis 1 - New Hampshire 0
BOTTOM OF THE 2ND
New Hampshire Fisher Cats batting - Pitching for Memphis Blues : RHP Al Bernhardt
Batting: LHB Cam Flowers 0-0: Ball
1-0: Ground out 4-3 (Groundball, 4)
Batting: RHB Felipe Rivas 0-0: SOLO HOME RUN (Flyball, 7LD), Distance : 377 ft
Batting: RHB Si-xun Li 0-0: Ball
1-0: Ball
2-0: Called Strike
2-1: Ball
3-1: Fly out, F7 (Line Drive, 7D)
Batting: RHB Benjamin Lawson 0-0: Called Strike
0-1: Swinging Strike
0-2: Foul Ball, location: 2F
0-2: Ball
1-2: Foul Ball, location: 2F
1-2: Foul Ball, location: 2F
1-2: Foul Ball, location: 2F
1-2: Foul Ball, location: 2F
1-2: Ball
2-2: Fly out, F2 (Popup, 2LF)
Bottom of the 2nd over - 1 run(s), 1 hit(s), 0 error(s), 0 left on base; Memphis 1 - New Hampshire 1
TOP OF THE 3RD
Memphis Blues batting - Pitching for New Hampshire Fisher Cats : RHP Gustavo Rodríguez
Batting: SHB Terry Dailey 0-0: DOUBLE (Groundball, 3L)
Batting: RHB Jaime Spiridon 0-0: Foul Ball, location: 2F
0-1: Foul Ball, location: 2F
0-2: Ground out 5-3 (Groundball, 5)
Batting: RHB Dave Wookey 0-0: Ball
1-0: Foul Ball, location: 2F
1-1: Foul Ball, location: 2F
1-2: Ball
2-2: Fly out, F6 (Popup, 6)
Batting: RHB Scott Merritt 0-0: Ball
1-0: Foul Ball, location: 2F
1-1: Ball
2-1: Fly out, F7 (Flyball, 7LD)
Top of the 3rd over - 0 run(s), 1 hit(s), 0 error(s), 1 left on base; Memphis 1 - New Hampshire 1
BOTTOM OF THE 3RD
New Hampshire Fisher Cats batting - Pitching for Memphis Blues : RHP Al Bernhardt
Batting: LHB Tony Rivera 0-0: Ball
1-0: Swinging Strike
1-1: Swinging Strike
1-2: Ball
2-2: Ground out 4-3 (Groundball, 34)
Batting: RHB Albert Alemán 0-0: Called Strike
0-1: Swinging Strike
0-2: SINGLE (Flyball, 4D)
Batting: RHB Franklin Lawrence 0-0: Ball
1-0: Swinging Strike
1-1: Swinging Strike
1-2: Foul Ball, location: 2F
1-2: Ball
2-2: Strikes out swinging
Batting: RHB Michael Kent 0-0: Ball
1-0: Fly out, F4 (Popup, 34)
Bottom of the 3rd over - 0 run(s), 1 hit(s), 0 error(s), 1 left on base; Memphis 1 - New Hampshire 1
TOP OF THE 4TH
Memphis Blues batting - Pitching for New Hampshire Fisher Cats : RHP Gustavo Rodríguez
Batting: RHB Artie Green 0-0: Fly out, F2 (Popup, 2RF)
Batting: RHB Ed Starr 0-0: Called Strike
0-1: Ball
1-1: SINGLE (Line Drive, 7S)
Batting: LHB John Foster 0-0: Called Strike
0-1: Ball
1-1: Swinging Strike
1-2: Ball
2-2: Ball
3-2: Strikes out swinging
Batting: SHB Fernando Gutiérrez 0-0: Called Strike
0-1: Called Strike
0-2: Ball
1-2: Strikes out looking
Top of the 4th over - 0 run(s), 1 hit(s), 0 error(s), 1 left on base; Memphis 1 - New Hampshire 1
BOTTOM OF THE 4TH
New Hampshire Fisher Cats batting - Pitching for Memphis Blues : RHP Al Bernhardt
Batting: RHB Anthony Hezell 0-0: Called Strike
0-1: Called Strike
0-2: Ground out 5-3 (Groundball, 5)
Batting: LHB Cam Flowers 0-0: Ball
1-0: Ball
2-0: Ground out 4-3 (Groundball, 4)
Batting: RHB Felipe Rivas 0-0: Ball
1-0: Fly out, F7 (Line Drive, 7LS)
Bottom of the 4th over - 0 run(s), 0 hit(s), 0 error(s), 0 left on base; Memphis 1 - New Hampshire 1
TOP OF THE 5TH
Memphis Blues batting - Pitching for New Hampshire Fisher Cats : RHP Gustavo Rodríguez
Batting: RHB Ángel Hernández 0-0: Ball
1-0: Swinging Strike
1-1: Swinging Strike
1-2: Strikes out swinging
Batting: SHB Terry Dailey 0-0: Called Strike
0-1: Called Strike
0-2: Ball
1-2: Foul Ball, location: 2F
1-2: Fly out, F8 (Flyball, 8RXD)
Batting: RHB Jaime Spiridon 0-0: Fly out, F9 (Flyball, 89M)
Top of the 5th over - 0 run(s), 0 hit(s), 0 error(s), 0 left on base; Memphis 1 - New Hampshire 1
BOTTOM OF THE 5TH
New Hampshire Fisher Cats batting - Pitching for Memphis Blues : RHP Al Bernhardt
Batting: RHB Si-xun Li 0-0: Ball
1-0: Swinging Strike
1-1: Ball
2-1: Ball
3-1: Bunt for hit - play at first, batter OUT! 1-3
Batting: RHB Benjamin Lawson 0-0: Foul Ball, location: 2F
0-1: Ground out 3-1 (Groundball, 34)
Batting: LHB Tony Rivera 0-0: Called Strike
0-1: Called Strike
0-2: Strikes out swinging
Bottom of the 5th over - 0 run(s), 0 hit(s), 0 error(s), 0 left on base; Memphis 1 - New Hampshire 1
TOP OF THE 6TH
Memphis Blues batting - Pitching for New Hampshire Fisher Cats : RHP Gustavo Rodríguez
Batting: RHB Dave Wookey 0-0: Ball
1-0: Ball
2-0: Called Strike
2-1: SINGLE (Groundball, 6MD) (infield hit)
Batting: RHB Scott Merritt 0-0: Fielders Choice at 2nd, 1-6 (Groundball, 25)
Batting: RHB Artie Green 0-0: Fly out, F4 (Popup, 4D)
Batting: RHB Ed Starr 0-0: Called Strike
0-1: Ball
1-1: Foul Ball, location: 2F
1-2: Fly out, F8 (Flyball, 8LS)
Top of the 6th over - 0 run(s), 1 hit(s), 0 error(s), 1 left on base; Memphis 1 - New Hampshire 1
BOTTOM OF THE 6TH
New Hampshire Fisher Cats batting - Pitching for Memphis Blues : RHP Al Bernhardt
Batting: RHB Albert Alemán 0-0: Fly out, F9 (Flyball, 89D)
Batting: RHB Franklin Lawrence 0-0: Ball
1-0: Called Strike
1-1: Ball
2-1: Ball
3-1: Base on Balls
Batting: RHB Michael Kent 0-0: Called Strike
Throwing error on steal attempt, E2
Franklin Lawrence to third
0-1: Ball
1-1: Ball
2-1: Foul Ball, location: 2F
2-2: Foul Ball, location: 2F
2-2: Fly out, F8 (Line Drive, 8RM)
Runner from 3rd tags up, SCORES, no throw
Batting: RHB Anthony Hezell 0-0: SINGLE (Flyball, 4MD)
Batting: LHB Cam Flowers 0-0: Ball
Anthony Hezell is caught stealing 2nd base
Bottom of the 6th over - 1 run(s), 1 hit(s), 1 error(s), 0 left on base; Memphis 1 - New Hampshire 2
TOP OF THE 7TH
Memphis Blues batting - Pitching for New Hampshire Fisher Cats : RHP Gustavo Rodríguez
Batting: LHB John Foster 0-0: Fly out, F3 (Popup, 23)
Batting: SHB Fernando Gutiérrez 0-0: Ball
1-0: Ball
2-0: Foul Ball, location: 2F
2-1: Foul Ball, location: 2F
2-2: Ball
3-2: Foul Ball, location: 2F
3-2: Strikes out looking
Batting: RHB Ángel Hernández 0-0: Called Strike
0-1: Fly out, F9 (Flyball, 89M)
Top of the 7th over - 0 run(s), 0 hit(s), 0 error(s), 0 left on base; Memphis 1 - New Hampshire 2
BOTTOM OF THE 7TH
New Hampshire Fisher Cats batting - Pitching for Memphis Blues : RHP Al Bernhardt
Batting: LHB Cam Flowers 0-0: Ball
1-0: Ball
2-0: Called Strike
2-1: Ball
3-1: Base on Balls
Batting: RHB Felipe Rivas 0-0: Called Strike
0-1: DOUBLE (Flyball, 89D)
Cam Flowers to third
Batting: RHB Si-xun Li 0-0: Called Strike
0-1: Called Strike
0-2: SINGLE (Line Drive, 89S)
Cam Flowers scores
Felipe Rivas to third
Batting: RHB Benjamin Lawson 0-0: Ball
1-0: Ball
2-0: Called Strike
2-1: Ball
3-1: Hit by Pitch
Si-xun Li to second
Batting: LHB Tony Rivera 0-0: Ball
1-0: Foul Ball, location: 2F
1-1: Foul Ball, location: 2F
1-2: Ball
2-2: Foul Ball, location: 2F
2-2: Fly out, F9 (Flyball, 89M)
Runner from 3rd tags up, SCORES, throw made
Batting: RHB Albert Alemán 0-0: Ball
1-0: Ball
2-0: Called Strike
2-1: Ball
3-1: Base on Balls
Si-xun Li to third
Benjamin Lawson to second
Pitching: LHP Mario Galván
Batting: RHB Franklin Lawrence 0-0: TRIPLE (Flyball, 89M)
Si-xun Li scores
Benjamin Lawson scores
Albert Alemán scores
Batting: RHB Michael Kent 0-0: Ground out 6-3 (Groundball, 6)
Franklin Lawrence scores
Batting: RHB Anthony Hezell 0-0: Ball
1-0: Ball
2-0: Ground out 5-3 (Groundball, 5L)
Bottom of the 7th over - 6 run(s), 3 hit(s), 0 error(s), 0 left on base; Memphis 1 - New Hampshire 8
TOP OF THE 8TH
Memphis Blues batting - Pitching for New Hampshire Fisher Cats : RHP Gustavo Rodríguez
Pitching: LHP Artie Nelson
Now at C: Tim Robertson
Batting: SHB Terry Dailey 0-0: Ball
1-0: Fly out, F9 (Flyball, 9S)
Batting: RHB Jaime Spiridon 0-0: Ball
1-0: Foul Ball, location: 2F
1-1: Swinging Strike
1-2: Ball
2-2: Ball
3-2: SINGLE (Line Drive, 78S)
Batting: RHB Dave Wookey 0-0: Ball
1-0: Ball
2-0: Grounds into double play, 4-6-3 (Groundball, 34)
Top of the 8th over - 0 run(s), 1 hit(s), 0 error(s), 0 left on base; Memphis 1 - New Hampshire 8
BOTTOM OF THE 8TH
New Hampshire Fisher Cats batting - Pitching for Memphis Blues : LHP Mario Galván
Batting: LHB Cam Flowers 0-0: Swinging Strike
0-1: Fly out, F9 (Line Drive, 89S)
Batting: RHB Felipe Rivas 0-0: Ball
1-0: Ball
2-0: Ball
3-0: Base on Balls
Batting: RHB Si-xun Li 0-0: Ball
1-0: Foul Ball, location: 2F
1-1: Called Strike
1-2: Fly out, F8 (Flyball, 8RS)
Batting: RHB Benjamin Lawson 0-0: Ball
1-0: Called Strike
1-1: Called Strike
1-2: Foul Ball, location: 2F
1-2: Strikes out swinging
Bottom of the 8th over - 0 run(s), 0 hit(s), 0 error(s), 1 left on base; Memphis 1 - New Hampshire 8
TOP OF THE 9TH
Memphis Blues batting - Pitching for New Hampshire Fisher Cats : LHP Artie Nelson
Batting: RHB Scott Merritt 0-0: Ball
1-0: Foul Ball, location: 2F
1-1: Ground out 5-3 (Groundball, 56)
Batting: RHB Artie Green 0-0: Ball
1-0: Ball
2-0: Called Strike
2-1: Foul Ball, location: 2F
2-2: Strikes out swinging
Batting: RHB Ed Starr 0-0: Ball
1-0: Called Strike
1-1: Ball
2-1: Called Strike
2-2: Ball
3-2: Base on Balls
Batting: LHB John Foster 0-0: Called Strike
0-1: Swinging Strike
0-2: Ball
1-2: Foul Ball, location: 2F
1-2: Strikes out looking
Top of the 9th over - 0 run(s), 0 hit(s), 0 error(s), 1 left on base; Memphis 1 - New Hampshire 8
Monday, December 5th, 2016 - OOTP Baseball 17.12 Build 75